 Dungeon Crawl Stone Soup version 0.20.1-1-g8b1a95d (webtiles) character file.

646 Irenicus the Cleaver (level 7, -4/61 HPs)
             Began as a Deep Dwarf Berserker on Nov 1, 2017.
             Was a Priest of Trog.
             Slain by an ice beast (7 damage)
             ... on level 5 of the Dungeon.
             The game lasted 00:09:51 (3071 turns).

Irenicus the Cleaver (Deep Dwarf Berserker)         Turns: 3071, Time: 00:09:51

Health: -4/61      AC:  6    Str: 21    XL:     7   Next: 27%
Magic:  7/7        EV: 11    Int:  7    God:    Trog [***...]
Gold:   153        SH:  0    Dex: 14    Spells: 6/6 levels left

rFire    . . .     SeeInvis .   n - +2 hand axe (chop)
rCold    . . .     Gourm    .   (no shield)
rNeg     . . .     Faith    .   s - +0 ring mail
rPois    .         Spirit   .   (no helmet)
rElec    .         Reflect  .   (no cloak)
rCorr    .         Harm     .   g - +0 pair of gloves
MR       +++..                  (no boots)
Stlth    +.........             (no amulet)
Regen    1.0/turn               (no ring)
MPRegen  0.1/turn               (no ring)

@: non-regenerating
A: damage resistance, heal wounds, sense surroundings 1, no regeneration
a: Heal Wounds, Berserk, Trog's Hand, Burn Spellbooks, Renounce Religion


You were on level 5 of the Dungeon.
You worshipped Trog.
Trog was most pleased with you.
You were near starving.

You visited 1 branch of the dungeon, and saw 5 of its levels.

You collected 153 gold pieces.

Inventory:

Hand Weapons
 n - a +2 hand axe of chopping (weapon)
 t - a +0 war axe
Armour
 g - a +0 pair of gloves (worn)
 l - a +0 leather armour
 s - a +0 ring mail (worn)
Wands
 j - a wand of paralysis (7/24)
 k - a wand of random effects (8/48)
 u - a wand of enslavement (8/24)
Scrolls
 e - 6 scrolls of identify
 h - a scroll of amnesia {unknown}
 i - 3 scrolls of teleportation
 r - 2 scrolls of remove curse {unknown}
 v - a scroll of blinking
Potions
 a - 2 potions of curing
 d - a potion of agility
 m - a potion of brilliance
 q - 2 potions of flight
Comestibles
 c - 2 bread rations
 f - 4 meat rations
 p - 2 fruits


   Skills:
 - Level 2.6 Fighting
 + Level 9.3 Axes
 - Level 2.1 Armour
 - Level 2.1 Dodging


You had 6 spell levels left.
You didn't know any spells.

Dungeon Overview and Level Annotations

Branches:
Dungeon (5/15)
 Temple: D:4-7

Altars:
Fedhas
Gozag
Nemelex Xobeh


Innate Abilities, Weirdness & Mutations

You are resistant to damage.
You can heal yourself by infusing magical energy.
You passively map a small area around you.
You do not regenerate.


Message History

Unknown command.
Evoke which item? (* to show all) (? for menu, Esc to quit)
Aiming: Random Effects (will waste charges)
Press: ? - help, Shift-Dir - straight line, f/p - ice beast
Aim: an ice beast The ice beast flickers and vanishes!
Deactivating autopickup; reactivate with Ctrl-A.
Evoking this partially-identified wand wasted a few charges.
Okay, then.
Okay, then.
Your skin crawls.
You feel resistant to hostile enchantments.
You are near starving!
The spellbook bursts into flames.
Trog is delighted!
Something hits you. Something freezes you!
* * * LOW HITPOINT WARNING * * *
You barely miss something. Something hits you.
* * * LOW HITPOINT WARNING * * *
Something freezes you!
You die...

* #.###.##.#.## ,
..........#.##
###.......###.# , ,, ,
...........##. *
#.?.....#.... ,
#........#.## * ##
#.......#.##
##...#######.......###
.......@.ยง>.........####
*
.#...#########...#......
* ## ##.##...### ,
#.##..... #.###....# , ,
,, , ..# #..#.# ,, , * *,
### #..#.. , , * #..#.# *
, , , *


There were no monsters in sight!

Vanquished Creatures
  The ghost of Irenicus the Gouger, an amateur FeCK of Xom (D:4)
  3 orc priests (D:4)
  A hound (D:4)
  3 orc wizards (D:4)
  An iguana (D:4)
  Ijyb (D:4)
  A worker ant (D:4)
  4 gnolls (D:2)
  10 adders
  A worm (D:2)
  3 leopard geckos
  10 orcs
  2 ball pythons (D:2)
  6 bats
  7 giant cockroaches
  6 goblins
  10 hobgoblins
  2 quokkas
  3 frilled lizards
  12 kobolds
  A leopard gecko skeleton (D:4)
  7 rats
95 creatures vanquished.

Notes
Turn   | Place    | Note
-------+----------+-------------------------------------------
     0 | D:1      | Irenicus the Deep Dwarf Berserker began the quest for the Orb.
     0 | D:1      | Reached XP level 1. HP: 20/20 MP: 1/1
   121 | D:1      | Reached XP level 2. HP: 13/27 MP: 2/2
   122 | D:1      | Reached skill level 4 in Axes
   700 | D:2      | Reached XP level 3. HP: 18/33 MP: 3/3
   737 | D:2      | Reached ** piety under Trog
   800 | D:2      | Reached skill level 5 in Axes
   923 | D:2      | Reached XP level 4. HP: 20/40 MP: 4/4
  1277 | D:2      | Reached skill level 6 in Axes
  1694 | D:3      | Reached XP level 5. HP: 27/46 MP: 5/5
  1761 | D:3      | Found a faded altar of an unknown god.
  1869 | D:3      | Reached *** piety under Trog
  2137 | D:4      | Reached skill level 7 in Axes
  2201 | D:4      | Reached XP level 6. HP: 37/55 MP: 6/6
  2232 | D:4      | Noticed Irenicus's ghost (amateur FeCK)
  2242 | D:4      | Killed Irenicus's ghost
  2242 | D:4      | Reached skill level 8 in Axes
  2263 | D:4      | Found a blossoming altar of Fedhas.
  2263 | D:4      | Found an opulent altar of Gozag.
  2263 | D:4      | Noticed Ijyb
  2266 | D:4      | Found a sparkling altar of Nemelex Xobeh.
  2286 | D:4      | Killed Ijyb
  2529 | D:4      | Reached XP level 7. HP: 16/61 MP: 7/7
  2535 | D:4      | Reached skill level 9 in Axes
  3010 | D:5      | Entered Level 5 of the Dungeon
  3071 | D:5      | HP: 3/61 [something (3)]
  3071 | D:5      | Slain by an ice beast

Skill      XL: |  1  2  3  4  5  6  7 |
---------------+----------------------+-----
Axes           | 4 5 6 7 8 9 |  9.3
Fighting       | |  2.6
Armour         | |  2.1
Dodging        | |  2.1

Action                   |  1- 3 |  4- 6 |  7- 9 || total
-------------------------+-------+-------+-------++-------
Melee: Hand axe          |   107 |   171 |    29 ||   307
Invok: Berserk           |     3 |     7 |     2 ||    12
       Trog's Hand       |       |     2 |     2 ||     4
       Burn Spellbooks   |       |       |     1 ||     1
 Abil: Heal Wounds       |     1 |       |       ||     1
Evoke: Wand              |       |       |     3 ||     3
  Use: Potion            |       |     7 |       ||     7
       Scroll            |       |     1 |     1 ||     2
 Stab: Sleeping          |     1 |       |       ||     1
  Eat: Chunk             |     3 |    12 |     3 ||    18
       Fruit             |       |       |     1 ||     1
Armor: Animal skin       |    19 |       |       ||    19
       Leather armour    |     4 |    16 |       ||    20
       Ring mail         |       |    29 |     7 ||    36
Dodge: Dodged            |    60 |   105 |     9 ||   174
